[Event "8th Memorial Ekrem Galijatovic 2022"]
[Site "Sarajevo"]
[Date "2022.03.12"]
[Round "1"]
[White "Kurtcehajic, Suad"]
[Black "Dizdarevic, Emir"]
[Result "0-1"]
[ECO "B06"]
[WhiteElo "1968"]
[BlackElo "2379"]
[Annotator "RC"]
[PlyCount "162"]
[EventDate "2022.03.13"]
[EventType "tourn"]
[EventCountry "BIH"]
[SourceTitle "playchess.com"]
[Source "ChessBase"]
[SourceQuality "1"]
[TimeControl "5400+30"]

1. e4 g6 2. d4 Bg7 3. Be3 d5 4. exd5 Qxd5 5. Nc3 Qd8 6. Bc4 Nh6 7. Bxh6 Bxh6 8. Nf3 O-O 9. O-O Bg7 10. Ne4 Bg4 11. c3 Nd7 12. h3 Bxf3 13. Qxf3 e6 14. Rfe1 c6 15. a4 a5 16. Qe2 Nb6 17. Bb3 Nc8 18. Nc5 Nd6 19. Qf3 b6 20. Nd3 Qc7 21. Re2 c5 22. Ne5 cxd4 23. cxd4 Nf5 24. Rd1 Bxe5 25. dxe5 Rad8 26. Ree1 Rxd1 27. Qxd1 Rd8 28. Qe2 h5 29. Qc4 Qe7 30. Rc1 Qg5 31. Rd1 Rxd1+ 32. Bxd1 Qd2 33. Qe2 Qd4 34. b3 Ne7 35. Bc2 Nc6 36. Qc4 Qxc4 37. bxc4 Nxe5 38. Bb3 Kf8 39. Kf1 Ke7 40. Ke2 Kd6 41. f4 Nd7 42. g4 hxg4 43. hxg4 Kc5 44. Kd3 f5 45. gxf5 exf5 46. Bd1 Nf6 47. Bf3 Nh5 48. Ke3 Kxc4 49. Bc6 Nf6 50. Kf3 Kc5 51. Bb5 Kd6 52. Kg3 Ke7 53. Kf3 Ne4 54. Bc6 g5 55. fxg5 Nxg5+ 56. Kf4 Kf6 57. Bd7 Ne6+ 58. Kf3 Ke5 59. Be8 Nc7 60. Bc6 Kd6 61. Bb7 b5 62. axb5 Nxb5 63. Ke3 a4 64. Kd3 Kc5 65. Bc8 f4 66. Be6 Nd4 67. Bd7 a3 68. Kc3 f3 69. Bg4 f2 70. Bh3 Kd5 71. Bf1 Ke4 72. Bc4 Kf3 73. Bf1 Kg3 74. Bc4 Kh2 75. Kxd4 a2 76. Bxa2 f1=Q 77. Bc4 Qf6+ 78. Kd3 Kg3 79. Kc2 Kf3 80. Ba2 Ke3 81. Kb1 Kd2 0-1

[Event "8th Memorial Ekrem Galijatovic 2022"]
[Site "Sarajevo"]
[Date "2022.03.12"]
[Round "1"]
[White "Selimovic, Amir"]
[Black "Konjicanin, Muris"]
[Result "0-1"]
[ECO "C12"]
[WhiteElo "1943"]
[BlackElo "2166"]
[Annotator "ChessBase"]
[PlyCount "60"]
[EventDate "2022.03.13"]
[EventType "tourn"]
[EventCountry "BIH"]
[SourceTitle "playchess.com"]
[Source "ChessBase"]
[SourceQuality "1"]
[TimeControl "5400+30"]

1. e4 e6 2. d4 d5 3. Nc3 Nf6 4. Bg5 Bb4 5. e5 h6 6. Bd2 Bxc3 7. bxc3 Ne4 8. Qg4 Kf8 9. Bc1 c5 10. Bd3 Nxc3 11. Ba3 Nd7 12. Qf4 Kg8 13. dxc5 Qg5 14. Qxg5 hxg5 15. Ne2 Nxe2 16. Bxe2 Nxe5 17. O-O Bd7 18. Rab1 Bc6 19. Bc1 f6 20. f4 gxf4 21. Bxf4 Nd7 22. Bd6 Rc8 23. Rfe1 Kf7 24. Bf3 Rh4 25. g4 e5 26. c4 dxc4 27. Bxc6 Rxc6 28. Rxb7 Rxg4+ 29. Kf2 Ke6 30. Rxa7 Nxc5 0-1

[Event "8th Memorial Ekrem Galijatovic 2022"]
[Site "Sarajevo"]
[Date "2022.03.12"]
[Round "2"]
[White "Alhdad, Ahmed O."]
[Black "Haznadar, Nermin"]
[Result "1-0"]
[ECO "E01"]
[WhiteElo "1811"]
[BlackElo "1881"]
[Annotator "NA"]
[PlyCount "63"]
[EventDate "2022.03.13"]
[EventType "tourn"]
[EventCountry "BIH"]
[SourceTitle "playchess.com"]
[Source "ChessBase"]
[SourceQuality "1"]
[TimeControl "5400+30"]

1. d4 d5 2. c4 c6 3. g3 Nf6 4. Nc3 e6 5. Bg2 Nbd7 6. Qc2 Bd6 7. f4 O-O 8. c5 Be7 9. Nf3 b6 10. Ne5 Bb7 11. b4 a5 12. b5 Nxe5 13. fxe5 Nd7 14. bxc6 Bxc6 15. cxb6 Nxb6 16. O-O Rc8 17. Qd3 a4 18. Nd1 Qd7 19. Rb1 Nc4 20. Nf2 Bb5 21. Qf3 Nb6 22. Qh5 f5 23. Nh3 Rc2 24. Nf4 Nc4 25. Nxe6 Qxe6 26. Rxb5 g6 27. Qh6 Rd8 28. Bg5 Bxg5 29. Qxg5 Rd7 30. Rfb1 Rxe2 31. Qh6 Nd6 32. Bxd5 1-0

[Event "8th Memorial Ekrem Galijatovic 2022"]
[Site "Sarajevo"]
[Date "2022.03.12"]
[Round "2"]
[White "Mrkovic, Nikola"]
[Black "Konjicanin, Muris"]
[Result "1/2-1/2"]
[ECO "C01"]
[WhiteElo "1698"]
[BlackElo "2166"]
[Annotator "ChessBase"]
[PlyCount "111"]
[EventDate "2022.03.13"]
[EventType "tourn"]
[EventCountry "BIH"]
[SourceTitle "playchess.com"]
[Source "ChessBase"]
[SourceQuality "1"]
[TimeControl "5400+30"]

1. e4 e6 2. d4 d5 3. exd5 exd5 4. Nf3 Bd6 5. Bd3 Ne7 6. O-O Nbc6 7. c3 Bg4 8. h3 Bh5 9. Be3 Qd7 10. Nbd2 f6 11. Qc2 O-O-O 12. b4 Rde8 13. a4 Bg6 14. a5 Bxd3 15. Qxd3 Qf5 16. Qe2 h5 17. b5 Nb8 18. Rfc1 g5 19. c4 Ng6 20. cxd5 g4 21. Nc4 Qxd5 22. Ne1 gxh3 23. Qf3 Qxf3 24. Nxf3 Kd7 25. Nxd6 cxd6 26. gxh3 Ne7 27. d5 a6 28. bxa6 Rhg8+ 29. Kh1 Nxa6 30. Rab1 Nxd5 31. Rxb7+ Ke6 32. Re1 Nxe3 33. Rxe3+ Kd5 34. Rxe8 Rxe8 35. Rh7 Ke4 36. Nh4 Re5 37. Rh6 Rxa5 38. Rxf6 d5 39. Rf5 Ra1+ 40. Kg2 d4 41. f3+ Ke3 42. Re5+ Kd2 43. f4 d3 44. Nf3+ Kc3 45. Rxh5 Ra4 46. Kg3 Rc4 47. Rd5 Rc8 48. f5 Nb4 49. Rd6 Nc2 50. Ne5 Nd4 51. Kf4 d2 52. Rxd4 Kxd4 53. Nf3+ Kd3 54. Nxd2 Kxd2 55. f6 Rh8 56. Ke4 1/2-1/2

[Event "8th Memorial Ekrem Galijatovic 2022"]
[Site "Sarajevo"]
[Date "2022.03.13"]
[Round "3"]
[White "Kurtcehajic, Suad"]
[Black "Mrkovic, Nikola"]
[Result "1-0"]
[ECO "C54"]
[WhiteElo "1968"]
[BlackElo "1698"]
[Annotator "NA"]
[PlyCount "61"]
[EventDate "2022.03.13"]
[EventType "tourn"]
[EventCountry "BIH"]
[SourceTitle "playchess.com"]
[Source "ChessBase"]
[SourceQuality "1"]
[TimeControl "5400+30"]

1. e4 e5 2. Nf3 Nc6 3. Bc4 Bc5 4. c3 Nf6 5. d3 d6 6. O-O a6 7. b4 Ba7 8. h3 Be6 9. Nbd2 h6 10. Re1 O-O 11. a3 Re8 12. Bb3 d5 13. exd5 Nxd5 14. Ne4 Nf6 15. Bxe6 Rxe6 16. Nxf6+ Qxf6 17. Be3 Bxe3 18. Rxe3 Rd8 19. Qe2 Red6 20. Nd2 Qg6 21. Ne4 Rd5 22. Nc5 b6 23. Nxa6 Rxd3 24. Nxc7 Rxe3 25. Qxe3 Rd3 26. Qxb6 Rxc3 27. Nd5 Rd3 28. Qxc6 Qh5 29. Qc8+ Kh7 30. Ne7 Rd1+ 31. Kh2 1-0

[Event "8th Memorial Ekrem Galijatovic 2022"]
[Site "Sarajevo"]
[Date "2022.03.13"]
[Round "3"]
[White "Selimovic, Amir"]
[Black "Alhdad, Ahmed O."]
[Result "0-1"]
[ECO "B07"]
[WhiteElo "1943"]
[BlackElo "1811"]
[Annotator "NA"]
[PlyCount "186"]
[EventDate "2022.03.13"]
[EventType "tourn"]
[EventCountry "BIH"]
[SourceTitle "playchess.com"]
[Source "ChessBase"]
[SourceQuality "1"]
[TimeControl "5400+30"]

1. e4 d6 2. d4 Nf6 3. Nc3 g6 4. Bg5 Bg7 5. e5 Nfd7 6. exd6 cxd6 7. Qd2 Nc6 8. Nf3 h6 9. Be3 Nf6 10. h3 Bd7 11. Be2 Rc8 12. O-O a6 13. a4 Qc7 14. d5 Na5 15. Bd4 Nc4 16. Bxc4 Qxc4 17. Rfe1 Qc7 18. Qe2 O-O 19. a5 Rce8 20. Bb6 Qc8 21. Qd2 Kh7 22. Bd4 Bf5 23. Nh4 Bd7 24. Na4 Bxa4 25. Rxa4 Qd7 26. Rb4 Nh5 27. Bxg7 Nxg7 28. Rb6 Rc8 29. c3 Rc7 30. Qd4 Rfc8 31. Qe4 f5 32. Qb4 Rf8 33. Nf3 Qc8 34. Nd4 Rf6 35. Qb3 Qd7 36. Ne6 Nxe6 37. Rxe6 Rxe6 38. dxe6 Qc8 39. h4 Kg7 40. h5 g5 41. Qd5 Kf6 42. Qd4+ Kxe6 43. Qg7 Kd5 44. Qxh6 Qg8 45. f4 g4 46. Rb4 Rc5 47. Rd4+ Kc6 48. Qg6 Qxg6 49. hxg6 Kd7 50. Rb4 Ke6 51. Rxb7 Kf6 52. g7 Kxg7 53. Rxe7+ Kf6 54. Rb7 Rxa5 55. Kf2 Ke6 56. Ke3 Ra4 57. g3 Kd5 58. Rf7 Re4+ 59. Kf2 Ke6 60. Ra7 Ra4 61. Ke3 Ra2 62. Rb7 a5 63. Rb5 a4 64. Rb8 a3 65. bxa3 Rg2 66. Re8+ Kf7 67. Rc8 Rxg3+ 68. Ke2 Rf3 69. Rc4 Ke6 70. a4 Kd5 71. Rd4+ Kc5 72. a5 Rxc3 73. Ra4 Kb5 74. Rd4 Kc6 75. Ra4 Kb7 76. Rd4 Rf3 77. Ra4 Ka6 78. Rd4 Kxa5 79. Rd5+ Kb4 80. Rxf5 Kc4 81. Ra5 d5 82. f5 Rxf5 83. Ra4+ Kc3 84. Rxg4 d4 85. Rg8 Re5+ 86. Kd1 Rh5 87. Rg3+ d3 88. Ke1 Rh1+ 89. Kf2 Kc2 90. Rg8 d2 91. Rc8+ Kb3 92. Rb8+ Kc4 93. Rc8+ Kb5 0-1

[Event "8th Memorial Ekrem Galijatovic 2022"]
[Site "Sarajevo"]
[Date "2022.03.13"]
[Round "4.2"]
[White "Alhdad, Ahmed O."]
[Black "Konjicanin, Muris"]
[Result "0-1"]
[ECO "E63"]
[WhiteElo "1811"]
[BlackElo "2166"]
[Annotator "ChessBase"]
[PlyCount "79"]
[EventDate "2022.03.13"]
[EventType "tourn"]
[EventCountry "BIH"]
[SourceTitle "playchess.com"]
[Source "ChessBase"]
[SourceQuality "1"]
[TimeControl "5400+30"]

1. d4 Nf6 2. Nf3 g6 3. g3 Bg7 4. Bg2 O-O 5. O-O d6 6. c4 a6 7. Nc3 Nc6 8. e4 Rb8 9. a4 Na5 10. Nd2 c5 11. d5 e6 12. h3 exd5 13. cxd5 b5 14. axb5 axb5 15. f4 Re8 16. Qf3 Nd7 17. e5 dxe5 18. f5 e4 19. Ndxe4 Ne5 20. Qd1 Bxf5 21. Rxf5 gxf5 22. Ng5 h6 23. Nf3 Nac4 24. Nh4 Qf6 25. Qh5 Nd3 26. Bf4 Nxf4 27. gxf4 Nxb2 28. Ne2 Rxe2 29. Qxe2 Qxh4 30. Ra7 Nc4 31. d6 Bd4+ 32. Kh1 Qxf4 33. d7 Qc1+ 34. Bf1 Ne3 35. Rc7 Rd8 36. Rc8 Bf6 37. Qxb5 Qxf1+ 38. Qxf1 Nxf1 39. Rxc5 Rxd7 40. Rxf5 0-1

[Event "8th Memorial Ekrem Galijatovic 2022"]
[Site "Sarajevo"]
[Date "2022.03.13"]
[Round "4.3"]
[White "Dizdarevic, Emir"]
[Black "Selimovic, Amir"]
[Result "1-0"]
[ECO "A05"]
[WhiteElo "2379"]
[BlackElo "1943"]
[Annotator "RC"]
[PlyCount "57"]
[EventDate "2022.03.13"]
[EventType "tourn"]
[EventCountry "BIH"]
[SourceTitle "playchess.com"]
[Source "ChessBase"]
[SourceQuality "1"]
[TimeControl "5400+30"]

1. Nf3 Nf6 2. g3 g6 3. b3 Bg7 4. Bb2 O-O 5. Bg2 d5 6. c4 c6 7. O-O Bg4 8. d3 Bxf3 9. Bxf3 Nbd7 10. Qc2 e5 11. e3 Re8 12. Nd2 Rc8 13. Bg2 h5 14. Rac1 Qe7 15. cxd5 Nxd5 16. a3 N5f6 17. b4 Nb6 18. Nb3 Nfd7 19. Ba1 Qd6 20. Rfd1 Qb8 21. Na5 Rc7 22. b5 c5 23. a4 Nc8 24. Nc4 b6 25. Bc3 Bf8 26. Bc6 Bg7 27. Qb2 Rxc6 28. bxc6 Nf8 29. d4 1-0

[Event "8th Memorial Ekrem Galijatovic 2022"]
[Site "Sarajevo"]
[Date "2022.03.14"]
[Round "5.1"]
[White "Trkulja, Goran"]
[Black "Mrkovic, Nikola"]
[Result "1-0"]
[ECO "A06"]
[WhiteElo "2255"]
[BlackElo "1698"]
[Annotator "ChessBase"]
[PlyCount "70"]
[EventDate "2022.03.13"]
[EventType "tourn"]
[EventCountry "BIH"]
[SourceTitle "playchess.com"]
[Source "ChessBase"]
[SourceQuality "1"]
[TimeControl "5400+30"]

1. Nf3 d5 2. c4 e6 3. e3 Nf6 4. b3 Nbd7 5. Bb2 b6 6. Be2 Be7 7. O-O O-O 8. d4 Bb7 9. Nbd2 Rc8 10. Rc1 c5 11. Ne5 cxd4 12. exd4 h6 13. Ndf3 Nxe5 14. Nxe5 dxc4 15. bxc4 Nd7 16. Ng4 Nf6 17. Ne3 Qd7 18. Bf3 Rfd8 19. Bxb7 Qxb7 20. Qe2 Qa6 21. f4 Ba3 22. f5 Re8 23. Rc3 Bxb2 24. Qxb2 exf5 25. Nxf5 Ne4 26. Ra3 Qxc4 27. Rxa7 b5 28. Ne7+ Rxe7 29. Rxe7 Nc3 30. Qf2 f6 31. Rfe1 Qd5 32. h3 Nxa2 33. Qg3 Qxd4+ 34. Kh1 f5 35. Qg6 Qf6 1-0

[Event "8th Memorial Ekrem Galijatovic 2022"]
[Site "Sarajevo"]
[Date "2022.03.14"]
[Round "5.3"]
[White "Selimovic, Amir"]
[Black "Mrndjic, Muamer"]
[Result "0-1"]
[ECO "A45"]
[WhiteElo "1943"]
[BlackElo "2274"]
[Annotator "ChessBase"]
[PlyCount "22"]
[EventDate "2022.03.13"]
[EventType "tourn"]
[EventCountry "BIH"]
[SourceTitle "playchess.com"]
[Source "ChessBase"]
[SourceQuality "1"]
[TimeControl "5400+30"]

1. d4 Nf6 2. Bf4 d5 3. e3 c5 4. c3 Nc6 5. Nd2 Qb6 6. Qb3 c4 7. Qc2 g6 8. e4 e6 9. e5 Nd7 10. b3 Nxd4 11. Qc1 cxb3 0-1

[Event "8th Memorial Ekrem Galijatovic 2022"]
[Site "Sarajevo"]
[Date "2022.03.15"]
[Round "6.1"]
[White "Mrkovic, Nikola"]
[Black "Alhdad, Ahmed O."]
[Result "1-0"]
[ECO "B07"]
[WhiteElo "1698"]
[BlackElo "1811"]
[Annotator "NA"]
[PlyCount "110"]
[EventDate "2022.03.13"]
[EventType "tourn"]
[EventCountry "BIH"]
[SourceTitle "playchess.com"]
[Source "ChessBase"]
[SourceQuality "1"]
[TimeControl "5400+30"]

1. e4 d6 2. d4 Nf6 3. Nc3 Nbd7 4. Nf3 e5 5. Bc4 Be7 6. O-O O-O 7. dxe5 {[%emt 0:06:10] 7.a4 gains popularity.} dxe5 8. Qe2 c6 9. a3 Qc7 10. Bg5 Nc5 11. h3 Be6 12. Rad1 b5 13. Bxe6 Nxe6 14. Be3 a5 {[%emt 0:06:28] [#]} 15. Ng5 $146 ({Predecessor:} 15. Nd2 b4 16. Na4 bxa3 17. bxa3 Bxa3 18. Nc4 Be7 19. Bb6 Qb8 20. Nxa5 Nd4 21. Qc4 Nxe4 22. Bxd4 Rxa5 {½-½ (31) Mueller,H (1870)-Wunderer,E (2151) Oberstdorf 2002}) 15... Nd8 16. f4 Bd6 17. Qd3 Nb7 18. fxe5 Bxe5 19. Bd4 Rad8 20. Bxe5 Qxe5 21. Qe3 b4 22. Nf3 Qe7 23. axb4 (23. Rxd8 $11 Nxd8 24. Nd1 (24. axb4 axb4 25. Nd1 Qxe4 $15)) 23... axb4 24. Nb1 Nxe4 25. Rde1 Qc5 $17 26. Kh2 Qd6+ 27. Kg1 Nf6 28. Nbd2 Nd5 29. Qf2 Qf6 30. c4 bxc3 31. Ne4 Qh6 32. bxc3 Nf4 33. Qe3 Rd3 34. Qc1 Rfd8 35. Ne5 Rd1 36. Qe3 Rxe1 37. Rxe1 g5 38. Qb6 Qh4 39. Nf3 Qh6 40. Qxb7 f6 41. Qxc6 Rf8 42. Nexg5 Qg6 43. Qc4+ Kg7 44. Qxf4 fxg5 45. Qxg5 Kh8 46. Qxg6 hxg6 47. c4 Kg7 48. c5 Rc8 49. Rc1 Kf6 50. c6 Rc7 51. Kf2 Ke6 52. Nd4+ Kd5 53. Nb5 Rxc6 54. Rxc6 Kxc6 55. Kf3 Kd5 1-0

[Event "8th Memorial Ekrem Galijatovic 2022"]
[Site "Sarajevo"]
[Date "2022.03.15"]
[Round "6.4"]
[White "Kurtcehajic, Suad"]
[Black "Selimovic, Amir"]
[Result "1-0"]
[ECO "C10"]
[WhiteElo "1968"]
[BlackElo "1943"]
[Annotator "ChessBase"]
[PlyCount "59"]
[EventDate "2022.03.13"]
[EventType "tourn"]
[EventCountry "BIH"]
[SourceTitle "playchess.com"]
[Source "ChessBase"]
[SourceQuality "1"]
[TimeControl "5400+30"]

1. e4 e6 2. d4 d5 3. Nd2 dxe4 4. Nxe4 Bd7 5. Nf3 Bc6 6. Bd3 Nd7 7. O-O Ngf6 8. Nxf6+ Qxf6 9. Be2 Bd6 10. c4 Bxf3 11. Bxf3 c6 12. Re1 O-O 13. Be3 Rfe8 14. Qb3 Rab8 15. d5 Ne5 16. Be2 c5 17. Rad1 Qh4 18. g3 Qf6 19. dxe6 Rxe6 20. Qa3 Nc6 21. Rxd6 Rxd6 22. Bf4 Rbd8 23. Bxd6 Qxd6 24. Bf3 Nd4 25. Be4 Re8 26. Bxh7+ Kxh7 27. Rxe8 Qc6 28. Qd3+ g6 29. Qe4 Nf3+ 30. Kg2 1-0

[Event "8th Memorial Ekrem Galijatovic 2022"]
[Site "Sarajevo"]
[Date "2022.03.15"]
[Round "7.1"]
[White "Haznadar, Nermin"]
[Black "Mrkovic, Nikola"]
[Result "1-0"]
[ECO "D53"]
[WhiteElo "1881"]
[BlackElo "1698"]
[Annotator "NA RC"]
[PlyCount "75"]
[EventDate "2022.03.13"]
[EventType "tourn"]
[EventCountry "BIH"]
[SourceTitle "playchess.com"]
[Source "ChessBase"]
[SourceQuality "1"]
[TimeControl "5400+30"]

1. d4 d5 2. c4 e6 3. Nc3 Nf6 4. Bg5 Be7 5. e3 Nbd7 6. Nf3 b6 (6... h6 $11 7. Bh4 O-O) 7. Rc1 (7. cxd5 $14 Nxd5 8. Nxd5 Bxg5 {[#]} 9. Nxc7+ $1 Qxc7 10. Nxg5) 7... Bb7 8. h3 O-O 9. Bd3 Rc8 10. O-O c5 11. cxd5 exd5 12. Qa4 cxd4 (12... c4 $11 13. Bf5 (13. Qxa7 $2 Bc6 $19) 13... Bc6) 13. Qxd4 Nc5 14. Bf5 Ne6 15. Bxe6 fxe6 16. Rfd1 (16. Qe5 $5 ) 16... Nd7 (16... Qd7 $11 {keeps the balance.}) 17. Qg4 Bxg5 (17... Rf5 $16) 18. Nxg5 Qf6 19. Qxe6+ Qxe6 20. Nxe6 Rfe8 21. Nf4 Nf6 22. Nb5 Rxc1 (22... g5 $142) 23. Rxc1 Rc8 24. Rxc8+ Bxc8 25. Nxa7 Bd7 26. Nd3 Kf8 27. Ne5 Ke7 28. Nxd7 Nxd7 29. Nb5 Nc5 30. Nc3 Kd6 31. Kf1 Nd3 32. b3 Kc5 33. Ke2 Ne5 34. a3 b5 35. f4 Nc6 36. g4 Ne7 37. Kd3 Nc6 $18 38. b4+ 1-0

[Event "8th Memorial Ekrem Galijatovic 2022"]
[Site "Sarajevo"]
[Date "2022.03.17"]
[Round "9.1"]
[White "Selimovic, Amir"]
[Black "Mrkovic, Nikola"]
[Result "1/2-1/2"]
[ECO "D00"]
[WhiteElo "1943"]
[BlackElo "1698"]
[Annotator "NA"]
[PlyCount "32"]
[EventDate "2022.03.13"]
[EventType "tourn"]
[EventCountry "BIH"]
[SourceTitle "playchess.com"]
[Source "ChessBase"]
[SourceQuality "1"]
[TimeControl "5400+30"]

1. d4 d5 2. Bf4 Nf6 3. e3 e6 4. Nf3 Nbd7 5. c3 b6 6. Bd3 Be7 7. Nbd2 Bb7 8. Ne5 c5 9. Qf3 Rc8 10. g4 cxd4 11. exd4 Nxe5 12. Bxe5 Bd6 13. Bb5+ Bc6 14. Nc4 Bxe5 15. Bxc6+ Rxc6 16. Nxe5 Rc7 1/2-1/2

[Event "8th Memorial Ekrem Galijatovic 2022"]
[Site "Sarajevo"]
[Date "2022.03.17"]
[Round "9.2"]
[White "Konjicanin, Muris"]
[Black "Haznadar, Nermin"]
[Result "1-0"]
[ECO "A46"]
[WhiteElo "2166"]
[BlackElo "1881"]
[Annotator "ChessBase"]
[PlyCount "97"]
[EventDate "2022.03.13"]
[EventType "tourn"]
[EventCountry "BIH"]
[SourceTitle "playchess.com"]
[Source "ChessBase"]
[SourceQuality "1"]
[TimeControl "5400+30"]

1. d4 Nf6 2. Nf3 e6 3. Bf4 c5 4. c3 Nc6 5. e3 d5 6. Nbd2 Nh5 7. Bg5 f6 8. Bh4 g6 9. Bd3 Be7 10. O-O O-O 11. Re1 Ng7 12. Bg3 Nh5 13. Rc1 c4 14. Bc2 Nxg3 15. hxg3 f5 16. Ba4 Bd7 17. Bxc6 Bxc6 18. Ne5 Qc7 19. f4 Bf6 20. Ndf3 Rab8 21. Kf2 Kg7 22. Rh1 h5 23. Nxg6 Kxg6 24. Ne5+ Bxe5 25. Qxh5+ Kf6 26. Qg5+ Kf7 27. Rh7+ Ke8 28. Qg6+ Kd8 29. Rxc7 Bxc7 30. Rh1 Re8 31. Rh7 Bd6 32. Qf7 Re7 33. Qg8+ Be8 34. Rxe7 Kxe7 35. g4 fxg4 36. Qxg4 Bf7 37. Qh4+ Kd7 38. g4 Be7 39. Qh7 Rf8 40. Kg3 Ke8 41. e4 Bg8 42. Qh5+ Kd7 43. e5 Bf7 44. Qh7 Be8 45. f5 Rf7 46. fxe6+ Kxe6 47. Qg6+ Rf6 48. Qxe8 Rf1 49. Qg8+ 1-0

[Event "8th Memorial Ekrem Galijatovic 2022"]
[Site "Sarajevo"]
[Date "2022.03.17"]
[Round "9.3"]
[White "Hadzovic, Amir"]
[Black "Trkulja, Goran"]
[Result "1/2-1/2"]
[ECO "C48"]
[WhiteElo "2290"]
[BlackElo "2255"]
[Annotator "ChessBase"]
[PlyCount "37"]
[EventDate "2022.03.13"]
[EventType "tourn"]
[EventCountry "BIH"]
[SourceTitle "playchess.com"]
[Source "ChessBase"]
[SourceQuality "1"]
[TimeControl "5400+30"]

1. e4 e5 2. Nf3 Nc6 3. Nc3 Nf6 4. Bb5 Bc5 5. d3 d6 6. Be3 Bb6 7. h3 Bd7 8. O-O Ne7 9. Bxd7+ Qxd7 10. Re1 Bxe3 11. Rxe3 Ng6 12. d4 exd4 13. Nxd4 O-O 14. Qd2 Rfe8 15. Rae1 Re5 16. Nf3 Ree8 17. Nd4 Re5 18. Nf3 Ree8 19. Nd4 1/2-1/2

[Event "8th Memorial Ekrem Galijatovic 2022"]
[Site "Sarajevo"]
[Date "2022.03.17"]
[Round "9.4"]
[White "Alhdad, Ahmed O."]
[Black "Kurtcehajic, Suad"]
[Result "0-1"]
[ECO "D40"]
[WhiteElo "1811"]
[BlackElo "1968"]
[Annotator "ChessBase"]
[PlyCount "38"]
[EventDate "2022.03.13"]
[EventType "tourn"]
[EventCountry "BIH"]
[SourceTitle "playchess.com"]
[Source "ChessBase"]
[SourceQuality "1"]
[TimeControl "5400+30"]

1. d4 d5 2. Nf3 Nf6 3. c4 e6 4. Nc3 c5 5. e3 Nc6 6. g3 cxd4 7. exd4 dxc4 8. Bg2 Be7 9. Qa4 Bd7 10. Qxc4 Nb4 11. O-O Rc8 12. Qe2 Bc6 13. Bf4 O-O 14. h3 Nbd5 15. Be5 Nxc3 16. bxc3 Qa5 17. c4 Rfd8 18. g4 Qa6 19. Rfc1 Bd5 0-1

[Event "8th Memorial Ekrem Galijatovic 2022"]
[Site "Sarajevo"]
[Date "2022.03.17"]
[Round "9.5"]
[White "Dizdarevic, Emir"]
[Black "Mrndjic, Muamer"]
[Result "1/2-1/2"]
[ECO "A37"]
[WhiteElo "2379"]
[BlackElo "2274"]
[Annotator "ChessBase"]
[PlyCount "51"]
[EventDate "2022.03.13"]
[EventType "tourn"]
[EventCountry "BIH"]
[SourceTitle "playchess.com"]
[Source "ChessBase"]
[SourceQuality "1"]
[TimeControl "5400+30"]

1. c4 c5 2. g3 g6 3. Bg2 Bg7 4. Nc3 Nc6 5. Nf3 e6 6. O-O Nge7 7. d3 O-O 8. Bg5 h6 9. Bd2 d6 10. Rb1 Rb8 11. a3 a6 12. b4 cxb4 13. axb4 b5 14. cxb5 axb5 15. e4 e5 16. Ne1 Nd4 17. Nc2 Nxc2 18. Qxc2 Be6 19. Be3 Qd7 20. Qd2 Kh7 21. Ra1 Nc6 22. Nd5 Bxd5 23. exd5 Nd4 24. Bxd4 exd4 25. Ra6 Ra8 26. Rxa8 1/2-1/2